| TOP OF THE 1ST |
|
Minnesota (NYP) Twins batting - Pitching for Vermont Lake Monsters : RHP Corbin Schenn
|
|
Pitching: RHP Corbin Schenn
|
|
|
Batting: SHB Manny Molina
|
0-0: Called Strike 0-1: SINGLE (Groundball, 23, EV 60.0 MPH) (infield hit)
|
|
Batting: RHB Andrew Rich
|
0-0: Hit by Pitch Manny Molina to second
|
|
Batting: LHB Kuemon Shishido
|
0-0: Ball 1-0: Foul Ball, location: 2F 1-1: Swinging Strike 1-2: Strikes out swinging
|
|
Batting: RHB Israel Gaona
|
0-0: Called Strike 0-1: Called Strike 0-2: Ball 1-2: Fielders Choice at 2nd, 3-6 (Groundball, 34S, EV 88.8 MPH) Manny Molina to third
|
|
Batting: LHB Jayden Thomas
|
0-0: Foul Ball, location: 2F 0-1: Ball 1-1: Ball 2-1: Called Strike Israel Gaona is caught stealing 2nd base 2-6
|
| Top of the 1st over - 0 runs, 1 hit, 0 errors, 1 left on base; Minnesota (NYP) 0 - Vermont 0 |
| BOTTOM OF THE 1ST |
|
Vermont Lake Monsters batting - Pitching for Minnesota (NYP) Twins : RHP Dean Huch
|
|
Pitching: RHP Dean Huch
|
|
|
Batting: RHB Mario Ramos
|
0-0: Ball 1-0: Foul Ball, location: 2F 1-1: Ball 2-1: Swinging Strike 2-2: Foul Ball, location: 2F 2-2: Ground out 4-3 (Groundball, 4S, EV 73.8 MPH)
|
|
Batting: RHB Manny Moron
|
0-0: Ball 1-0: Ball 2-0: Bunt missed! 2-1: Ball 3-1: SINGLE (Line Drive, 34, EV 98.8 MPH)
|
|
Batting: LHB Cy Ostrowski
|
0-0: Ball 1-0: Grounds into double play, 5-4-3 (Groundball, 5S, EV 86.9 MPH)
|
| Bottom of the 1st over - 0 runs, 1 hit, 0 errors, 0 left on base; Minnesota (NYP) 0 - Vermont 0 |
| TOP OF THE 2ND |
|
Minnesota (NYP) Twins batting - Pitching for Vermont Lake Monsters : RHP Corbin Schenn
|
|
Batting: LHB Jayden Thomas
|
0-0: Ball 1-0: Ball 2-0: Ball 3-0: Called Strike 3-1: Called Strike 3-2: Strikes out swinging
|
|
Batting: SHB Chris Hull
|
0-0: Foul Ball, location: 2F 0-1: Ball 1-1: Foul Ball, location: 2F 1-2: Strikes out swinging
|
|
Batting: LHB Diego Gutierres
|
0-0: Foul Ball, location: 2F 0-1: Ball 1-1: Swinging Strike 1-2: Ball 2-2: TRIPLE (Line Drive, 7D, EV 109.4 MPH)
|
|
Batting: RHB Ryan Starks
|
0-0: Ball 1-0: Ball 2-0: Fly out, F8 (Flyball, 8RM, EV 87.5 MPH)
|
| Top of the 2nd over - 0 runs, 1 hit, 0 errors, 1 left on base; Minnesota (NYP) 0 - Vermont 0 |
| BOTTOM OF THE 2ND |
|
Vermont Lake Monsters batting - Pitching for Minnesota (NYP) Twins : RHP Dean Huch
|
|
Batting: RHB Edgar Landim
|
0-0: Ball 1-0: Foul Ball, location: 2F 1-1: Foul Ball, location: 2F 1-2: Ball 2-2: Foul Ball, location: 2F 2-2: Strikes out swinging
|
|
Batting: RHB Bastiaan Leenders
|
0-0: Called Strike 0-1: Ground out 6-3 (Groundball, 6, EV 78.1 MPH)
|
|
Batting: RHB Fathi Addae
|
0-0: Fly out, F7 (Flyball, 78M, EV 90.6 MPH)
|
| Bottom of the 2nd over - 0 runs, 0 hits, 0 errors, 0 left on base; Minnesota (NYP) 0 - Vermont 0 |
| TOP OF THE 3RD |
|
Minnesota (NYP) Twins batting - Pitching for Vermont Lake Monsters : RHP Corbin Schenn
|
|
Batting: LHB Antonio Gutierrez
|
0-0: Ball 1-0: Foul Ball, location: 2F 1-1: Swinging Strike 1-2: Foul Ball, location: 2F 1-2: Strikes out looking
|
|
Batting: SHB Manny Molina
|
0-0: Ball 1-0: Called Strike 1-1: Ground out 4-3 (Groundball, 4MS, EV 76.9 MPH)
|
|
Batting: RHB Andrew Rich
|
0-0: Called Strike 0-1: Fly out, F6 (Line Drive, 4MD, EV 70.6 MPH)
|
| Top of the 3rd over - 0 runs, 0 hits, 0 errors, 0 left on base; Minnesota (NYP) 0 - Vermont 0 |
| BOTTOM OF THE 3RD |
|
Vermont Lake Monsters batting - Pitching for Minnesota (NYP) Twins : RHP Dean Huch
|
|
Batting: LHB Oscar Rodriguez
|
0-0: Called Strike 0-1: Swinging Strike 0-2: Strikes out swinging
|
|
Batting: RHB Brian Rathbun
|
0-0: Ball 1-0: Foul Ball, location: 2F 1-1: Swinging Strike 1-2: Ball 2-2: Foul Ball, location: 2F 2-2: Strikes out swinging
|
|
Batting: RHB Brian Callaghan
|
0-0: Called Strike 0-1: Ground out 5-3 (Groundball, 25, EV 83.1 MPH)
|
| Bottom of the 3rd over - 0 runs, 0 hits, 0 errors, 0 left on base; Minnesota (NYP) 0 - Vermont 0 |
| TOP OF THE 4TH |
|
Minnesota (NYP) Twins batting - Pitching for Vermont Lake Monsters : RHP Corbin Schenn
|
|
Batting: LHB Kuemon Shishido
|
0-0: SINGLE (Groundball, 34D, EV 101.9 MPH)
|
|
Batting: RHB Israel Gaona
|
0-0: Ball 1-0: Grounds into double play, 6-4-3 (Groundball, 6S, EV 92.5 MPH)
|
|
Batting: LHB Jayden Thomas
|
0-0: Called Strike 0-1: Ball 1-1: Foul Ball, location: 2F 1-2: Ball 2-2: Foul Ball, location: 2F 2-2: Ground out 6-3 (Groundball, 4M, EV 99.4 MPH)
|
| Top of the 4th over - 0 runs, 1 hit, 0 errors, 0 left on base; Minnesota (NYP) 0 - Vermont 0 |
| BOTTOM OF THE 4TH |
|
Vermont Lake Monsters batting - Pitching for Minnesota (NYP) Twins : RHP Dean Huch
|
|
Batting: RHB Mario Ramos
|
0-0: Fly out, F8 (Flyball, 8LM, EV 97.5 MPH)
|
|
Batting: RHB Manny Moron
|
0-0: Ball 1-0: Called Strike 1-1: Ground out 5-3 (Groundball, 56, EV 85.6 MPH)
|
|
Batting: LHB Cy Ostrowski
|
0-0: Foul Ball, location: 2F 0-1: Foul Ball, location: 2F 0-2: Ball 1-2: Foul Ball, location: 2F 1-2: SINGLE (Groundball, 6S, EV 72.5 MPH) (infield hit)
|
|
Batting: RHB Edgar Landim
|
0-0: Ball 1-0: Ball Cy Ostrowski is caught stealing 2nd base 2-4
|
| Bottom of the 4th over - 0 runs, 1 hit, 0 errors, 0 left on base; Minnesota (NYP) 0 - Vermont 0 |
| TOP OF THE 5TH |
|
Minnesota (NYP) Twins batting - Pitching for Vermont Lake Monsters : RHP Corbin Schenn
|
|
Batting: SHB Chris Hull
|
0-0: Ball 1-0: Called Strike 1-1: Ball 2-1: Swinging Strike 2-2: Strikes out looking
|
|
Batting: LHB Diego Gutierres
|
0-0: Called Strike 0-1: Ball 1-1: Ball 2-1: Foul Ball, location: 2F 2-2: Strikes out swinging
|
|
Batting: RHB Ryan Starks
|
0-0: Called Strike 0-1: Ball 1-1: Foul Ball, location: 2F 1-2: Strikes out swinging
|
| Top of the 5th over - 0 runs, 0 hits, 0 errors, 0 left on base; Minnesota (NYP) 0 - Vermont 0 |
| BOTTOM OF THE 5TH |
|
Vermont Lake Monsters batting - Pitching for Minnesota (NYP) Twins : RHP Dean Huch
|
|
Batting: RHB Edgar Landim
|
0-0: Ground out 6-3 (Groundball, 6, EV 98.8 MPH)
|
|
Batting: RHB Bastiaan Leenders
|
0-0: Ground out U3 (Groundball, 34S, EV 90.6 MPH)
|
|
Batting: RHB Fathi Addae
|
0-0: Ball 1-0: Called Strike 1-1: Fly out, F8 (Flyball, 89M, EV 86.2 MPH)
|
| Bottom of the 5th over - 0 runs, 0 hits, 0 errors, 0 left on base; Minnesota (NYP) 0 - Vermont 0 |
| TOP OF THE 6TH |
|
Minnesota (NYP) Twins batting - Pitching for Vermont Lake Monsters : RHP Corbin Schenn
|
|
Batting: LHB Antonio Gutierrez
|
0-0: Ball 1-0: Swinging Strike 1-1: Ball 2-1: Foul Ball, location: 2F 2-2: Strikes out swinging
|
|
Batting: SHB Manny Molina
|
0-0: Called Strike 0-1: Ball 1-1: Ball 2-1: Fly out, F8 (Flyball, 89M, EV 93.8 MPH)
|
|
Batting: RHB Andrew Rich
|
0-0: Swinging Strike 0-1: Ball 1-1: Swinging Strike 1-2: Ball 2-2: DOUBLE (Line Drive, 78M, EV 91.2 MPH)
|
|
Pitching: RHP Mike Bowling
|
|
|
Batting: LHB Kuemon Shishido
|
0-0: Swinging Strike 0-1: Ball 1-1: Ball 2-1: Ball 3-1: Called Strike 3-2: Strikes out swinging
|
| Top of the 6th over - 0 runs, 1 hit, 0 errors, 1 left on base; Minnesota (NYP) 0 - Vermont 0 |
| BOTTOM OF THE 6TH |
|
Vermont Lake Monsters batting - Pitching for Minnesota (NYP) Twins : RHP Dean Huch
|
|
Batting: LHB Oscar Rodriguez
|
0-0: Called Strike 0-1: Foul Ball, location: 2F 0-2: DOUBLE (Line Drive, 7LD, EV 103.1 MPH)
|
|
Batting: RHB Brian Rathbun
|
0-0: Called Strike 0-1: Ball 1-1: Ball 2-1: Foul Ball, location: 2F 2-2: Foul Ball, location: 2F Balk! Oscar Rodriguez to third 2-2: Ball 3-2: Fly out, F8 (Line Drive, 8LM, EV 108.8 MPH)
|
|
Batting: RHB Brian Callaghan
|
0-0: Bunted foul 0-1: Squeeze Bunt to 3S - play home, runner OUT, batter safe! 3-2
|
|
Batting: RHB Mario Ramos
|
0-0: Ball 1-0: Called Strike Brian Callaghan steals 2nd, throwing error, E2 Brian Callaghan to third 1-1: Called Strike Balk! Brian Callaghan scores 1-2: Ball 2-2: Foul Ball, location: 2F 2-2: SINGLE (Groundball, 6D, EV 94.4 MPH)
|
|
Batting: RHB Manny Moron
|
0-0: Called Strike Mario Ramos steals 2nd base 0-1: Ball 1-1: Foul Ball, location: 2F 1-2: Ball 2-2: SINGLE (Groundball, 6MS, EV 66.2 MPH) (infield hit) Mario Ramos to third
|
|
Batting: LHB Cy Ostrowski
|
0-0: Foul Ball, location: 2F 0-1: Foul Ball, location: 2F 0-2: Fly out, F6 (Line Drive, 6M, EV 70.0 MPH)
|
| Bottom of the 6th over - 1 run, 3 hits, 1 error, 2 left on base; Minnesota (NYP) 0 - Vermont 1 |
| TOP OF THE 7TH |
|
Minnesota (NYP) Twins batting - Pitching for Vermont Lake Monsters : RHP Mike Bowling
|
|
Batting: RHB Israel Gaona
|
0-0: Called Strike 0-1: Ball 1-1: Ground out 5-3 (Groundball, 56, EV 108.8 MPH)
|
|
Batting: LHB Jayden Thomas
|
0-0: Called Strike 0-1: Ball 1-1: Swinging Strike 1-2: Foul Ball, location: 2F 1-2: Foul Ball, location: 2F 1-2: Strikes out swinging
|
|
Batting: SHB Chris Hull
|
0-0: Foul Ball, location: 2F 0-1: Swinging Strike 0-2: Strikes out swinging
|
| Top of the 7th over - 0 runs, 0 hits, 0 errors, 0 left on base; Minnesota (NYP) 0 - Vermont 1 |
| BOTTOM OF THE 7TH |
|
Vermont Lake Monsters batting - Pitching for Minnesota (NYP) Twins : RHP Dean Huch
|
|
Batting: RHB Edgar Landim
|
0-0: Called Strike 0-1: Ground out 5-3 (Groundball, 5L, EV 76.9 MPH)
|
|
Batting: RHB Bastiaan Leenders
|
0-0: Ball 1-0: Foul Ball, location: 2F 1-1: Ball 2-1: Foul Ball, location: 2F 2-2: Foul Ball, location: 2F 2-2: Ball 3-2: Foul Ball, location: 2F 3-2: Base on Balls
|
|
Batting: RHB Fathi Addae
|
0-0: Ball 1-0: Ball 2-0: Ball 3-0: Base on Balls Bastiaan Leenders to second
|
|
Batting: LHB Oscar Rodriguez
|
0-0: Foul Ball, location: 2F 0-1: Swinging Strike 0-2: Ball 1-2: Ball 2-2: Ball 3-2: Foul Ball, location: 2F 3-2: Strikes out swinging
|
|
Pitching: LHP Bryan Rouse
|
|
|
Batting: RHB Brian Rathbun
|
0-0: Ball 1-0: Fly out, F8 (Flyball, 78M, EV 92.5 MPH)
|
| Bottom of the 7th over - 0 runs, 0 hits, 0 errors, 2 left on base; Minnesota (NYP) 0 - Vermont 1 |
| TOP OF THE 8TH |
|
Minnesota (NYP) Twins batting - Pitching for Vermont Lake Monsters : RHP Mike Bowling
|
|
Pitching: LHP Craig Poor
|
|
|
Now at 2B: Hidetada Iba
|
|
|
Now at SS: Manny Moron
|
|
|
Batting: LHB Diego Gutierres
|
0-0: Ball 1-0: Foul Ball, location: 2F 1-1: Called Strike 1-2: SOLO HOME RUN (Flyball, 7D, EV 95.6 MPH), Distance : 386 ft
|
|
Pitching: RHP Jake Gregor
|
|
|
Batting: RHB Ryan Starks
|
0-0: Foul Ball, location: 2F 0-1: Ball 1-1: Called Strike 1-2: Ball 2-2: Foul Ball, location: 2F 2-2: Ball 3-2: Base on Balls
|
|
Batting: LHB Antonio Gutierrez
|
0-0: Bunted foul 0-1: Bunt missed! 0-2: Ball 1-2: Foul Ball, location: 2F 1-2: Ball 2-2: Ball 3-2: SINGLE (Groundball, 4M, EV 86.2 MPH) (infield hit) Ryan Starks to second
|
|
Batting: SHB Manny Molina
|
0-0: Bunt - Flyout to 3S! F3
|
|
Batting: RHB Andrew Rich
|
0-0: Called Strike 0-1: Swinging Strike 0-2: Foul Ball, location: 2F 0-2: Ball 1-2: Ball 2-2: Foul Ball, location: 2F 2-2: Foul Ball, location: 2F 2-2: SINGLE (Line Drive, 78S, EV 91.9 MPH) Ryan Starks to third Antonio Gutierrez to second
|
|
Batting: LHB Kuemon Shishido
|
0-0: Swinging Strike 0-1: Ball 1-1: Foul Ball, location: 2F 1-2: Ball 2-2: Strikes out swinging
|
|
Batting: RHB Israel Gaona
|
0-0: Ball Wild Pitch! Ryan Starks scores Antonio Gutierrez to third Andrew Rich to second 1-0: Called Strike 1-1: Called Strike 1-2: Foul Ball, location: 2F 1-2: Foul Ball, location: 2F 1-2: Hit by Pitch
|
|
Batting: LHB Jayden Thomas
|
0-0: Foul Ball, location: 2F 0-1: Foul Ball, location: 2F 0-2: Ball 1-2: Strikes out swinging
|
| Top of the 8th over - 2 runs, 3 hits, 0 errors, 3 left on base; Minnesota (NYP) 2 - Vermont 1 |
| BOTTOM OF THE 8TH |
|
Vermont Lake Monsters batting - Pitching for Minnesota (NYP) Twins : LHP Bryan Rouse
|
|
Batting: RHB Hidetada Iba
|
0-0: Ball 1-0: SINGLE (Groundball, 56S, EV 74.4 MPH) (infield hit)
|
|
Batting: RHB Mario Ramos
|
0-0: Bunted foul 0-1: Sac Bunt to 15 - play at first, batter OUT! 1-3 Hidetada Iba to second
|
|
Batting: RHB Manny Moron
|
0-0: Ground out 4-3 (Groundball, 4, EV 103.8 MPH) Hidetada Iba to third
|
|
Pinch Hitting: RHB Dave Vezina
|
0-0: Hit by Pitch
|
|
Batting: RHB Edgar Landim
|
0-0: Called Strike 0-1: Fly out, F9 (Flyball, 9D, EV 100.6 MPH)
|
| Bottom of the 8th over - 0 runs, 1 hit, 0 errors, 2 left on base; Minnesota (NYP) 2 - Vermont 1 |
| TOP OF THE 9TH |
|
Minnesota (NYP) Twins batting - Pitching for Vermont Lake Monsters : RHP Jake Gregor
|
|
Pitching: LHP David Rodriguez
|
|
|
Now at 1B: Jose Zamarripa
|
|
|
Batting: SHB Chris Hull
|
0-0: Called Strike 0-1: Swinging Strike 0-2: Strikes out swinging
|
|
Batting: LHB Diego Gutierres
|
0-0: Ball 1-0: Foul Ball, location: 2F 1-1: Called Strike 1-2: Ball 2-2: Foul Ball, location: 2F 2-2: Strikes out swinging
|
|
Batting: RHB Ryan Starks
|
0-0: Ball 1-0: Ground out 5-3 (Groundball, 5L, EV 107.5 MPH)
|
| Top of the 9th over - 0 runs, 0 hits, 0 errors, 0 left on base; Minnesota (NYP) 2 - Vermont 1 |
| BOTTOM OF THE 9TH |
|
Vermont Lake Monsters batting - Pitching for Minnesota (NYP) Twins : LHP Bryan Rouse
|
|
Batting: RHB Bastiaan Leenders
|
0-0: Ball 1-0: Called Strike 1-1: Called Strike 1-2: Ball 2-2: Ground out 6-3 (Groundball, 6, EV 86.2 MPH)
|
|
Batting: RHB Fathi Addae
|
0-0: Swinging Strike 0-1: Ball 1-1: Ball 2-1: Foul Ball, location: 2F 2-2: Foul Ball, location: 2F 2-2: Foul Ball, location: 2F 2-2: Ball 3-2: Base on Balls
|
|
Pinch Hitting: RHB Manny Vizzerra
|
0-0: Ball Passed Ball! Fathi Addae to second 1-0: Foul Ball, location: 2F 1-1: Ball 2-1: Fly out, F8 (Flyball, 89XD, EV 86.2 MPH) Runner from 2nd tags up, SAFE at 3rd, no throw by CF
|
|
Batting: RHB Brian Rathbun
|
0-0: Ball 1-0: Called Strike 1-1: Foul Ball, location: 2F 1-2: Ball 2-2: Strikes out looking
|
| Bottom of the 9th over - 0 runs, 0 hits, 0 errors, 1 left on base; Minnesota (NYP) 2 - Vermont 1 |
|